 Dungeon Crawl Stone Soup version 0.30-a0-341-g682706514a (webtiles) character file.

Game seed: 16301820335954386518

364 Hubris850 the Ruffian (level 6, 0/50 HPs)
             Began as a Minotaur Gladiator on Nov 1, 2022.
             Slain by a gnoll
             ... wielding a +0 club
             ... led by a gnoll sergeant
              (8 damage)
             ... on level 4 of the Dungeon.
             The game lasted 00:06:34 (3046 turns).

Hubris850 the Ruffian (Minotaur Gladiator)          Turns: 3046, Time: 00:06:35

Health: 0/50       AC:  7    Str: 20    XL:     6   Next: 39%
Magic:  5/5        EV: 11    Int:  7    God:
Gold:   62         SH:  0    Dex: 12    Spells: 5/5 levels left

rFire   . . .      SeeInvis .      - Unarmed
rCold   . . .      Faith    .    (no shield)
rNeg    . . .      Spirit   .    n - +2 ring mail of Panentheism {rPois Int+2 Stlth+}
rPois   +          Reflect  .    b - +0 hat
rElec   .          Harm     .    (no cloak)
rCorr   .          Rampage  .    (no gloves)
Will    .....                    (no boots)
Stlth   ++........               (no amulet)
HPRegen 0.28/turn                (no ring)
MPRegen 0.09/turn                (no ring)

@: no status effects
A: horns 2, retaliatory headbutt
a: no special abilities


You were on level 4 of the Dungeon.
You visited 1 branch of the dungeon, and saw 4 of its levels.

You collected 101 gold pieces.
You spent 39 gold pieces at shops.

Inventory:

Missiles
 c - 3 throwing nets
 d - a javelin
 p - 12 poisoned darts
 q - 3 boomerangs (quivered)
Armour
 a - a +0 leather armour
 b - a +0 hat (worn)
 j - a +0 plate armour
 n - the +2 ring mail of Panentheism (worn) {rPois Int+2 Stlth+}
   (You found it on level 2 of the Dungeon)

   Int:       It affects your intelligence (+2).
   rPois:     It protects you from poison.
   Stlth:     It makes you more stealthy.
Wands
 g - a wand of flame (8)
Scrolls
 f - a scroll of summoning {unknown}
 h - a scroll of enchant armour {unknown}
 k - 3 scrolls of teleportation
 l - 3 scrolls of vulnerability {unknown}
 o - a scroll of magic mapping {unknown}
 s - a scroll of noise {unknown}
 t - 3 scrolls of identify {unknown}
 v - a scroll of torment {unknown}
Potions
 e - a potion of magic {unknown}
 i - 2 potions of attraction {unknown}
 m - 3 potions of heal wounds {unknown}
 r - a potion of might {unknown}
 u - a potion of invisibility {unknown}


   Skills:
 - Level 2.4 Fighting
 + Level 4.1 Throwing
 - Level 3.2 Dodging
 * Level 6.8 Unarmed Combat


You had 5 spell levels left.
You didn't know any spells.
Your spell library contained the following spells:

 Spells                   Type           Power      Damage    Failure   Level
 Magic Dart               Conj           0%         1d3       63%         1
 Call Imp                 Summ           0%         N/A       77%         2
 Sublimation of Blood     Necr           0%         N/A       77%         2
 Ignite Poison            Fire/Tmut/Pois 0%         N/A       94%         3
 Kindle Blastsparks       Fire/Tloc/Air  0%         2d10      94%         3
 Mephitic Cloud           Conj/Pois/Air  0%         N/A       94%         3
 Fulminant Prism          Conj/Hex       0%         3d5       100%        4
 Iskenderun's Mystic Bla  Conj/Tloc      0%         2d3       100%        4
 Petrify                  Tmut/Erth      0%         N/A       100%        4
 Sticky Flame             Conj/Fire      0%         2d3       100%        4
 Irradiate                Conj/Tmut      0%         3d11      100%        5
 Lee's Rapid Deconstruct  Erth           0%         3d4*      100%        5
 Ignition                 Fire           0%         3d3       100%        8


Dungeon Overview and Level Annotations

Branches:
Dungeon (4/15)
 Temple: D:4-7

Altars:

Shops:
D:3 ?


Innate Abilities, Weirdness & Mutations

You have a pair of horns on your head.
You reflexively headbutt those who attack you in melee.


Message History

A gnoll comes into view. It is wielding a +0 club.
The gnoll shouts! x2; The gnoll sergeant shouts!
The jelly closely misses you. You furiously retaliate!
You headbutt the jelly! You hit the jelly but do no damage.
Your hands burn!
The jelly is heavily wounded.
The jelly hits you.
You are splashed with acid!
A gnoll comes into view. It is wielding a +0 club.
The gnoll shouts!
You punch the jelly!
You kill the jelly!
The gnoll sergeant hits you from afar with a +0 trident.
You punch the gnoll! Your headbutt misses the gnoll.
The gnoll is almost dead.
You punch the gnoll!
You kill the gnoll!
The gnoll sergeant hits you from afar with a +0 trident.
The gnoll barely misses you.
You closely miss the gnoll sergeant.
Your headbutt misses the gnoll sergeant.
The gnoll closely misses you.
The gnoll sergeant hits you with a +0 trident!
You are too injured to fight recklessly!
You are too injured to fight recklessly!
You are too injured to fight recklessly!
Okay, then.
You hit the gnoll.
The gnoll is moderately wounded.
The gnoll barely misses you. The gnoll hits you but does no damage.
The gnoll sergeant barely misses you.
You hit the gnoll.
The gnoll is severely wounded.
The gnoll hits you with a +0 club.
The gnoll sergeant hits you with a +0 trident.
The gnoll hits you with a +0 club.
You hit the gnoll.
You kill the gnoll!
The gnoll sergeant hits you with a +0 trident!
* * * LOW HITPOINT WARNING * * *
The gnoll hits you with a +0 club!
You die...

#.# #.# # #.# .# #.#
.# # # #.##.#$#
####. ###......#
#.#....####......#
#..............#####
#.....##.##.##)@)..#
#..#.##.##.#..gg...#
#..#.......#..###..#
#.......####..# ....
#.##....####..# ##.
#..............
####..)#####...
#...#######
#..†...).#


You could see a gnoll sergeant and a gnoll.

Vanquished Creatures
  A necrophage (D:4)
  A jelly (D:4)
  A hound (D:3)
  An iguana (D:4)
  An orc wizard (D:3)
  Ijyb (D:3)
  2 gnolls (D:4)
  8 adders
  5 worms (D:2)
  5 orcs (D:3)
  5 bats
  9 endoplasms
  A giant cockroach (D:1)
  8 goblins
  7 hobgoblins
  2 jackals (D:1)
  6 kobolds
  2 quokkas
  4 ball pythons
  4 frilled lizards
  5 rats
79 creatures vanquished.

Notes
Turn   | Place    | Note
-------+----------+-------------------------------------------
     0 | D:1      | Hubris850 the Minotaur Gladiator began the quest for the
                  | Orb.
     0 | D:1      | Reached XP level 1. HP: 18/18 MP: 0/0
    80 | D:1      | Found a faded altar of an unknown god.
   139 | D:1      | Reached XP level 2. HP: 19/25 MP: 1/1
   321 | D:1      | Reached skill level 4 in Unarmed Combat
  1037 | D:2      | Reached XP level 3. HP: 29/30 MP: 2/2
  1339 | D:2      | Reached XP level 4. HP: 36/37 MP: 3/3
  1388 | D:2      | Reached skill level 5 in Unarmed Combat
  1672 | D:2      | Identified the +2 ring mail of Panentheism {rPois Int+2
                  | Stlth+}
  2106 | D:3      | Reached XP level 5. HP: 42/42 MP: 4/4
  2131 | D:3      | Noticed Ijyb
  2142 | D:3      | Killed Ijyb
  2586 | D:3      | Reached skill level 6 in Unarmed Combat
  2793 | D:3      | Found Wenuwnod's Magic Scroll Shoppe.
  2798 | D:3      | Bought a scroll of teleportation for 39 gold pieces
  2925 | D:4      | Reached XP level 6. HP: 46/50 MP: 5/5
  3046 | D:4      | Slain by a gnoll

Illustrated notes

Levels and vault maps discovered:
D:1:      heliophobic_arrival_henge, layout_basic,
          nicolae_ecumenical_snake_handling, chequers_serial_rivers_large_a
D:2:      layout_basic, kennysheep_cross_bottleneck
D:3:      layout_loops_ring, serial_shops, nicolae_shop_hallway_plus,
          minmay_box_of_dots, uniq_ijyb
D:4:      layout_loops_cross, kennysheep_small_square

Skill      XL: |  1  2  3  4  5  6 |
---------------+-------------------+-----
Unarmed Combat | 4 5 6 |  6.8
Throwing       | 3 4 |  4.1
Fighting       | |  2.4
Dodging        | |  3.2

Action                   |  1- 3 |  4- 6 || total
-------------------------+-------+-------++-------
Melee: Unarmed           |    77 |   144 ||   221
       Headbutt          |    12 |    19 ||    31
       Punch             |     2 |     4 ||     6
Throw: Dart              |       |     5 ||     5
 Stab: Sleeping          |       |     2 ||     2
Armor: Leather armour    |     9 |       ||     9
       Plate armour      |    26 |    27 ||    53
       Ring mail         |       |    29 ||    29
Dodge: Dodged            |    52 |    49 ||   101

Table legend: (Time is in decaauts)
 A = Elapsed time spent in this place.
 B = Non-inter-level travel time spent in this place.
 C = Inter-level travel time spent in this place.
 D = Time resting spent in this place.
 E = Time spent auto-exploring this place.
 F = Levels seen in this place.
 G = Mean time per level.
                   A        B        C        D        E       F      G
               +--------+--------+--------+--------+--------+-----+--------+
         Total |   3030 |   2991 |     39 |     98 |   2414 |   4 |  757.5 |
       Dungeon |   3030 |   2991 |     39 |     98 |   2414 |   4 |  757.5 |
               +--------+--------+--------+--------+--------+-----+--------+

Top non-repeatable levels by time:
     D:2: 1101 daAuts
     D:1: 960 daAuts
     D:3: 777 daAuts
     D:4: 191 daAuts
